 Dungeon Crawl Stone Soup version 0.28.0-43-g3370ac3207 (webtiles) character file.

Game seed: 16459215800275221672

1108 nickcage the Carver (level 8, -6/57 HPs)
             Began as a Minotaur Fighter on Mar 8, 2022.
             Was a Follower of Hepliaklqana.
             Mangled by a wyvern zombie (9 damage)
             ... on level 6 of the Dungeon.
             The game lasted 00:10:10 (5029 turns).

nickcage the Carver (Minotaur Fighter)              Turns: 5029, Time: 00:10:10

Health: -6/57      AC: 10    Str: 23    XL:     8   Next: 11%
Magic:  7/7        EV:  9    Int:  5    God:    Hepliaklqana [*.....]
Gold:   244        SH:  4    Dex: 10    Spells: 7/7 levels left

rFire   . . .      SeeInvis .   a - +0 long sword
rCold   . . .      Faith    .   c - +0 buckler
rNeg    . . .      Spirit   .   b - +0 scale mail
rPois   .          Reflect  .   (helmet restricted)
rElec   .          Harm     .   o - +0 cloak
rCorr   .          Rampage  .   (no gloves)
Will    .....                   l - +1 pair of boots
Stlth   ..........              (no amulet)
HPRegen 0.19/turn               d - ring of flight
MPRegen 0.10/turn               (no ring)

@: flying, mesmerised
A: reduced essence, horns 2, retaliatory headbutt
a: Renounce Religion, Recall Ancestor, Ancestor Identity


You were on level 6 of the Dungeon.
You worshipped Hepliaklqana.
Hepliaklqana was aware of your devotion.
You visited 2 branches of the dungeon, and saw 7 of its levels.

You collected 244 gold pieces.

Inventory:

Hand Weapons
 a - a +0 long sword (weapon)
 h - a +2 dagger of venom
 r - a +1 hunting sling of flaming
Missiles
 f - 5 poisoned darts (quivered)
Armour
 b - a +0 scale mail (worn)
 c - a +0 buckler (worn)
 l - a +1 pair of boots (worn)
 o - a +0 cloak (worn)
Jewellery
 d - a ring of flight (left hand)
 m - a +6 ring of strength
Wands
 q - a wand of flame (5)
Scrolls
 e - a scroll of identify
 i - 2 scrolls of amnesia
Potions
 g - 2 potions of haste {unknown}
 j - a potion of cancellation {unknown}
 n - a potion of heal wounds {unknown}
 p - a potion of curing
 t - a potion of lignification


   Skills:
 - Level 3.6 Fighting
 + Level 11.6 Long Blades
 - Level 3.6 Armour
 - Level 3.6 Shields


You had 7 spell levels left.
You didn't know any spells.
Your spell library contained the following spells:

 Spells                   Type           Power      Damage    Failure   Level
 Magic Dart               Conj           0%         1d3       86%         1
 Call Imp                 Summ           0%         N/A       95%         2
 Sublimation of Blood     Necr           0%         N/A       95%         2
 Mephitic Cloud           Conj/Pois/Air  0%         N/A       99%         3
 Animate Dead             Necr           0%         N/A       100%        4
 Petrify                  Tmut/Erth      0%         N/A       100%        4
 Irradiate                Conj/Tmut      0%         3d14      100%        5
 Haunt                    Necr/Summ      0%         N/A       100%        7
 Infestation              Necr           0%         N/A       100%        8


Dungeon Overview and Level Annotations

Branches:
Dungeon (6/15)             Temple (1/1) D:4

Altars:
Ashenzari
Dithmenos
Fedhas
Hepliaklqana
Kikubaaqudgha
Makhleb
Nemelex Xobeh
Okawaru
Qazlal
Ru
Sif Muna
Trog
Uskayaw
Vehumet
Wu Jian
Xom
Yredelemnul
Zin
The Shining One

Shops:
D:5 *

Annotations:
D:6 Maggie


Innate Abilities, Weirdness & Mutations

Your life essence is reduced to manifest your ancestor. (-10% HP)
You have a pair of horns on your head.
You reflexively headbutt those who attack you in melee.


Message History

Maggie draws you further into her thrall.
Rocket hits Maggie.
You completely miss Maggie.
Maggie is moderately wounded.
You block Maggie's attack.
Maggie hits Rocket with a +2 vorpal war axe.
You hit Maggie. You headbutt Maggie, but do no damage.
Maggie is moderately wounded.
The wyvern zombie bites you.
Rocket hits Maggie but does no damage.
You closely miss Maggie.
Maggie is moderately wounded.
The wyvern zombie bites you!
Maggie hits you with a +2 vorpal war axe!
* * * LOW HITPOINT WARNING * * *
x2 Maggie barely misses Rocket.
Rocket hits Maggie but does no damage.
The wyvern zombie bites you!
* * * LOW HITPOINT WARNING * * *
You feel better. Maggie barely misses you. You furiously retaliate!
You headbutt Maggie, but do no damage.
Maggie barely misses Rocket.
Rocket hits Maggie.
The wyvern zombie bites you but does no damage.
As you read the scroll of holy word, it crumbles to dust.
You speak a Word of immense power!
The wyvern zombie convulses!
Maggie hits you with a +2 vorpal war axe.
* * * LOW HITPOINT WARNING * * *
x2 Maggie hits Rocket with a +2 vorpal war axe!
Rocket closely misses Maggie.
The wyvern zombie is lost in a daze.
You feel better. The wyvern zombie barely misses you.
Maggie casts a spell at you. The bolt of fire hits you!
* * * LOW HITPOINT WARNING * * *
Rocket barely misses Maggie.
You hit Maggie. You headbutt Maggie, but do no damage.
Maggie is moderately wounded.
The wyvern zombie is lost in a daze.
You block Maggie's attack.
Maggie barely misses Rocket.
Rocket barely misses Maggie.
You barely miss Maggie.
Maggie is moderately wounded.
The wyvern zombie bites you!
You die...

#............# .
..........# .
......^....# #.
#..........# .#..
#.#........# .....
.........)#
.....##.R.....#
........@@...#
#.###.##Z######
...Z........#
#[....##....#
#..............# ..
.#.#...#.#....# ...
..#.#.#......#
..##.......##.###
........#......####


You could see the friendly Rocket the ancestor, Maggie (mesmerising, ally
target) and a wyvern zombie (dazed).

Vanquished Creatures
  A water moccasin (D:5)
  An orc warrior (D:6)
  2 ogres (D:5)
  A necrophage (D:4)
  2 scorpions
  A water moccasin zombie (D:5)
  A water moccasin skeleton (D:5)
  A bullfrog zombie (D:5)
  A bullfrog skeleton (D:5)
  2 iguanas (D:5)
  Ijyb (D:3)
  An orc wizard (D:6)
  Natasha (thrice) (D:4)
  2 hound skeletons (D:5)
  4 gnolls
  5 adders
  A white imp (D:5)
  An adder skeleton (D:3)
  A dart slug (D:2)
  10 orcs
  8 ball pythons
  3 bats
  6 endoplasms
  3 giant cockroaches
  11 hobgoblins
  A quokka (D:4)
  2 frilled lizards
  5 goblins
  5 kobolds
  5 rats
91 creatures vanquished.

Vanquished Creatures (others)
  An angel (D:5)
  5 fungi (D:5)
  A plant (D:5)
7 creatures vanquished.

Grand Total: 98 creatures vanquished

Notes
Turn   | Place    | Note
-------+----------+-------------------------------------------
     0 | D:1      | nickcage the Minotaur Fighter began the quest for the Orb.
     0 | D:1      | Reached XP level 1. HP: 19/19 MP: 0/0
   121 | D:1      | Reached skill level 3 in Long Blades
   187 | D:1      | Reached XP level 2. HP: 25/26 MP: 1/1
   216 | D:1      | Reached skill level 4 in Long Blades
   524 | D:1      | Reached XP level 3. HP: 31/31 MP: 2/2
   975 | D:2      | Found a faded altar of an unknown god.
  1251 | D:3      | Noticed Ijyb
  1260 | D:3      | Killed Ijyb
  1261 | D:3      | Reached skill level 5 in Long Blades
  1261 | D:3      | Reached XP level 4. HP: 26/39 MP: 3/3
  1923 | D:3      | Reached skill level 6 in Long Blades
  2248 | D:4      | Noticed a necrophage
  2293 | D:4      | Killed a necrophage
  2294 | D:4      | Reached skill level 7 in Long Blades
  2294 | D:4      | Reached XP level 5. HP: 39/45 MP: 4/4
  2372 | D:4      | Noticed Natasha
  2380 | D:4      | Killed Natasha
  2785 | D:4      | Noticed Natasha
  2791 | D:4      | Killed Natasha
  2792 | D:4      | Reached XP level 6. HP: 45/51 MP: 5/5
  2974 | D:4      | Noticed Natasha
  2980 | D:4      | Killed Natasha
  2981 | D:4      | Reached skill level 8 in Long Blades
  3024 | D:4      | Found a staircase to the Ecumenical Temple.
  3031 | Temple   | Entered the Ecumenical Temple
  3065 | Temple   | Became a worshipper of Hepliaklqana the Forgotten
  3214 | D:5      | Entered Level 5 of the Dungeon
  3214 | D:5      | Found a blossoming altar of Fedhas.
  3382 | D:5      | Noticed a water moccasin
  3391 | D:5      | Killed a water moccasin
  3392 | D:5      | Reached skill level 9 in Long Blades
  3392 | D:5      | Reached XP level 7. HP: 40/57 MP: 6/6
  3460 | D:5      | Killed an angel
  3497 | D:5      | Found a hide-covered altar of Uskayaw.
  3532 | D:5      | Found Qeihel's Fire Supplies.
  3578 | D:5      | Reached skill level 10 in Long Blades
  3680 | D:5      | Found a shimmering altar of Xom.
  3687 | D:5      | Found a glowing silver altar of Zin.
  3829 | D:5      | Found a sand-covered staircase.
  3906 | D:5      | Reached skill level 11 in Long Blades
  4134 | D:5      | Reached * piety under Hepliaklqana
  4691 | D:6      | Reached XP level 8. HP: 41/57 MP: 7/7
  5016 | D:6      | Noticed Maggie
  5029 | D:6      | Mangled by a wyvern zombie

Illustrated notes

Levels and vault maps discovered:
D:1:      matt_arrival_spirals, layout_rooms
D:2:      layout_basic, hellmonk_ecumenical_altar_lost_god
D:3:      layout_basic, minmay_misc_feat_chi, minmay_misc_feat_doors, uniq_ijyb
D:4:      layout_loops_ring, temple_green, uniq_natasha
D:5:      layout_basic, grunt_temple_overflow_order_and_chaos_1, fedhas_altar_3,
          mainiacjoe_overflow_alcove_1, nicolae_ossuary_entry_false_entrances,
          nicolae_shop_fire_sale [nicolae_sub_dead_trees]
D:6:      nicolae_cairo_tiling_large_dashed, layout_rooms, uniq_maggie
Temple:   eino_wide_crystal_templ

Skill      XL: |  1  2  3  4  5  6  7 |
---------------+----------------------+-----
Long Blades    | 3 4 5 7 9 11 | 11.6
Fighting       | |  3.6
Armour         | |  3.6
Shields        | |  3.6

Action                   |  1- 3 |  4- 6 |  7- 9 || total
-------------------------+-------+-------+-------++-------
Melee: Long sword        |    79 |   102 |    96 ||   277
       Headbutt          |     7 |    10 |    22 ||    39
Throw: Dart              |       |     2 |       ||     2
Invok: Ancestor Identity |       |       |     1 ||     1
  Use: Scroll            |       |     8 |     1 ||     9
       Potion            |       |     1 |     2 ||     3
Armor: Scale mail        |    45 |    34 |    23 ||   102
Dodge: Dodged            |    43 |    42 |    28 ||   113
Block: Buckler           |    14 |    16 |    20 ||    50
